cohdb
Replays
Latest Replays
All Replays
Popular Replays
Top Player Replays
Match Explorer
How It Works
Community
CoH3 Stats
Reddit
Sign in to upload your games and track your stats! →
Sign in with Steam
Match 42753467
Unlisted
Match 42753467
Overview
Messages
Build Orders
End
Construct Infanterie Kompanie
Grenadier Squad
Selects Breakthrough Battlegroup
Grenadier Squad
MG 42 Machine Gun Team
Grenadier Squad
Grenadier Squad
Medical Station
Construct Panzergrenadier Kompanie
Pak 40 Anti-tank Gun Team
Selects Assault Grenadiers
MG 42 Machine Gun Team
Selects Breakthrough
Selects Incendiary Bombing Run
Construct Panzer Kompanie
Panzergrenadier Squad
Sturmpanzer IV Brummbär
Panzer Officer Quarters
Stoßtruppen Squad
Incendiary Bombing Run
Pioneer Squad
Repair Bunker
Incendiary Bombing Run
Side Skirts
Selects 2.5-tonne Cargo Truck
Selects Blitzkrieg
2.5-tonne Cargo Truck
Stoßtruppen Squad
Incendiary Bombing Run
Selects Tiger Heavy Tank
Tiger Heavy Tank
Pioneer Squad
Incendiary Bombing Run
Pioneer Squad
Repair Bunker
Incendiary Bombing Run
Pak 40 Anti-tank Gun Team
Incendiary Bombing Run
Pioneer Squad
Blitzkrieg
Tiger Heavy Tank
entalp99
十_Fck
Random_Target
Bish Bash Bosh
0
0
Comments
sign in to comment!
No comments posted yet!